Map: Dusk Towers

Players

Miszu

  • Race: Terran Terran
  • League: Master

Indy - Winner!

  • Race: Protoss Protoss
  • League: Grandmaster

VOD

Have the link to the VOD?

Description

Time

  • Played on: May 11, 2016, 2:53 p.m.
  • Length: 18:27
Show
View Real Time Build Order
Export as new Build Order

Miszu Terran 

Build Orders: Command Center First (CC), MMM Bio 

Get SALT Encoding   

  12  0:01  SCV  
  13  0:13  SCV  
  14  0:18  Supply Depot  
  14  0:25  SCV  
  15  0:39  SCV  
  16  0:51  SCV  
  17  1:02  Command Center  
  17  1:03  SCV  
  18  1:15  SCV  
  18  1:16  Barracks  
  19  1:28  SCV  
  19  1:30  Barracks  
  20  1:40  SCV  
  20  1:43  Barracks  
  21  1:52  SCV  
  22  2:04  Marine, Orbital Command  
  23  2:14  Orbital Command  
  23  2:17  Marine  
  23  2:22  Marine  
  25  2:30  SCV  
  25  2:31  Refinery x2  
  25  2:32  Marine  
  25  2:34  Marine  
  28  2:39  SCV  
  28  2:41  Marine  
  28  2:43  SCV  
  31  2:48  Supply Depot  
  31  2:51  SCV  
  31  2:55  Marine x2, SCV  
  35  3:04  Barracks Tech Lab, SCV  
  36  3:11  Supply Depot  
  36  3:12  SCV  
  37  3:13  Marine x2  
  37  3:16  SCV  
  40  3:22  Marine, Stimpack  
  40  3:24  SCV  
  42  3:28  SCV  
  42  3:30  Marine  
  42  3:31  Marine  
  45  3:35  Supply Depot  
  45  3:36  SCV  
  45  3:39  Marine  
  45  3:40  SCV  
  48  3:48  Marine x2, SCV  
  48  3:52  SCV  
  52  3:56  Refinery  
  52  3:57  Engineering Bay, Marine  
  52  4:00  SCV  
  52  4:02  Supply Depot  
  54  4:04  SCV  
  54  4:06  Factory, Marine x2  
  57  4:12  SCV  
  57  4:16  Marauder, SCV  
  61  4:19  Supply Depot  
  61  4:24  Supply Depot, Marine x2, SCV  
  61  4:27  Terran Infantry Weapons Level 1  
  61  4:28  SCV  
  65  4:32  Missile Turret  
  65  4:35  Missile Turret  
  65  4:37  SCV  
  66  4:40  Marauder, SCV  
  69  4:49  SCV  
  69  4:51  Starport  
  70  4:52  Factory Reactor  
  70  4:53  Barracks Reactor, Barracks Tech Lab  
  70  4:59  SCV  
  65  5:05  Marauder, SCV  
  66  5:07  Refinery  
  66  5:11  SCV  
  67  5:15  Marauder  
  67  5:17  SCV  
  70  5:22  Command Center  
  70  5:23  SCV  
  70  5:25  Marine  
  72  5:29  SCV  
  73  5:38  Marine, Medivac x2  
  73  5:39  Marine, Marauder  
  73  5:41  SCV, Factory Reactor  
  83  5:44  Marauder  
  83  5:46  Supply Depot  
  84  5:50  Barracks  
  84  5:52  Barracks  
  84  5:55  Supply Depot  
  84  5:59  Marine x2  
  84  6:00  Concussive Shells  
  84  6:02  Combat Shields  
  86  6:07  Marine  
  86  6:08  Marauder  
  86  6:09  Supply Depot  
  86  6:10  Medivac  
  91  6:16  Marine  
  92  6:23  Marine  
  92  6:25  Supply Depot, Marauder  
  95  6:29  Marauder  
  95  6:31  Terran Infantry Armor Level 1  
  95  6:32  Supply Depot  
  97  6:33  Widow Mine  
  97  6:34  Medivac  
  97  6:37  Orbital Command  
  97  6:38  Barracks Reactor, Barracks Tech Lab  
  100  6:47  Supply Depot  
  100  6:48  Marauder  
  100  6:50  Marine, Marauder  
  100  6:51  Marine  
  106  6:56  Medivac  
  105  7:04  Medivac  
  106  7:09  Marine x2, Marauder x2  
  106  7:12  Marauder  
  114  7:16  Marine x2, Widow Mine x2  
  114  7:18  Orbital Command  
  114  7:20  Supply Depot  
  114  7:22  Supply Depot  
  120  7:27  Marine x2  
  122  7:30  Marauder  
  122  7:31  Marauder  
  122  7:33  Marauder  
  122  7:34  Marine x2  
  122  7:35  Medivac  
  132  7:43  SCV x2  
  134  7:44  SCV  
  134  7:45  Widow Mine  
  135  7:54  Marauder  
  135  7:55  Marine, Marauder, SCV x2  
  135  7:56  Marauder  
  143  8:00  Widow Mine  
  145  8:07  Supply Depot x2, SCV  
  145  8:10  Medivac x2  
  145  8:11  Marine  
  140  8:28  Marine, Marauder  
  140  8:29  Marine, Marauder, Widow Mine  
  140  8:30  Marauder, Widow Mine  
  150  8:40  Marine, Medivac  
  149  8:49  Marine, Marauder  
  149  8:50  Medivac, Marauder  
  149  8:51  Marauder  
  156  8:59  Supply Depot  
  156  9:00  Refinery, Marine x3, SCV  
  156  9:01  Refinery  
  164  9:07  Marine  
  164  9:08  SCV x2  
  163  9:10  Medivac  
  163  9:11  Engineering Bay, Marauder, Armory  
  163  9:12  Marauder, SCV  
  163  9:13  Marauder  
  172  9:20  Medivac, SCV  
  175  9:28  Marine x2, Widow Mine  
  175  9:29  Hellion  
  178  9:32  Marauder  
  178  9:33  Marauder  
  178  9:34  Marauder  
  178  9:35  Marine  
  174  9:43  Marine  
  163  9:46  Marine x2  
  163  9:50  Widow Mine  
  153  9:52  Marine  
  153  9:54  Marauder  
  153  9:55  Marauder  
  153  9:56  Marauder  
  153  10:00  Liberator  
  153  10:01  Starport, Marine  
  153  10:03  Marine, Fusion Core  
  153  10:04  Marine  
  156  10:08  Command Center  
  156  10:10  Marine  
  157  10:14  Marine  
  157  10:16  Marauder  
  157  10:17  Marauder  
  157  10:19  Marine  
  166  10:28  SCV x3  
  168  10:29  Terran Infantry Armor Level 2  
  168  10:33  Marauder  
  170  10:37  Marauder  
  170  10:38  Marauder  
  170  10:40  SCV  
  173  10:48  Marine  
  174  10:54  Marauder  
  174  10:56  Marine x3  
  179  10:59  Marauder  
  179  11:00  Marauder  
  179  11:01  Barracks x2, Starport Tech Lab  
  179  11:02  Starport Reactor, Barracks, Terran Infantry Weapons Level 2  
  183  11:06  Marine  
  184  11:13  Ghost Academy  
  184  11:14  Marine x2  
  184  11:16  Marauder  
  188  11:19  Medivac x2  
  192  11:27  Terran Ship Weapons Level 1  
  192  11:28  Marine x2, Marauder  
  192  11:29  Marine  
  187  11:49  Marauder  
  187  11:50  Viking x2  
  183  12:02  Viking x2  
  183  12:06  Barracks Tech Lab  
  183  12:07  Ghost Academy  
  187  12:11  Planetary Fortress  
  187  12:14  Refinery  
  187  12:20  Viking  
  178  12:23  Ghost x2  
  178  12:24  Marine  
  178  12:28  Marine  
  178  12:29  Marine x2  
  162  12:41  Viking x3  
  161  12:47  Ghost  
  161  12:48  Marine  
  161  12:49  Marine  
  161  12:50  Marine  
  166  12:51  Marine  
  166  12:53  Marine  
  164  13:01  Viking  
  166  13:06  Terran Infantry Armor Level 3  
  166  13:08  Marine x2  
  166  13:09  Marine  
  166  13:11  Viking  
  171  13:15  Marine x3  
  171  13:16  Marine x3  
  177  13:21  Terran Infantry Weapons Level 3  
  177  13:22  Marine  
  177  13:26  Marine  
  164  13:45  Marine  
  164  13:46  Marine x9  
  129  13:56  Viking x2  
  125  14:03  Marine x5  
  125  14:04  Marine x5  
  125  14:09  Viking x2  
  136  14:21  Marine x7  
  141  14:24  Marine  
  141  14:25  Marine x2  
  141  14:26  Viking  
  146  14:39  Marine x7  
  146  14:42  Marine x3  
  143  14:56  Marine  
  143  14:57  Marine  
  143  14:59  Marine  
  138  15:00  Marine  
  138  15:01  Marine  
  138  15:02  Viking  
  138  15:03  Viking x3, Marine x5  
  151  15:14  Marine  
  151  15:15  Marine  
  151  15:17  Marine  
  151  15:18  Marine  
  151  15:19  Marine  
  151  15:20  Marine  
  148  15:21  Marine x4  
  147  15:32  Viking, Marine x2  
  147  15:35  Marine x2  
  149  15:37  Marine  
  149  15:38  Marine  
  149  15:39  Marine x4  
  152  15:47  Viking  
  148  15:50  Marine x2  
  148  15:53  Marine x2  
  148  15:55  Marine  
  148  15:56  Viking, Marine  
  148  15:57  Marine x4  
  154  16:09  Marine x2  
  154  16:11  Marine x2  
  147  16:13  Marine  
  147  16:14  Marine x4  
  147  16:15  Marine  
  110  16:26  Marine  
  110  16:27  Marine  
  110  16:28  Marine  
  110  16:29  Marine  
  110  16:30  Marine  
  110  16:32  Marine x5  
  116  16:40  Medivac x3  
  116  16:44  Marine  
  116  16:45  Marine  
  116  16:46  Marine  
  116  16:47  Marine  
  115  16:54  Marine  
  115  16:55  Marine  
  115  16:57  Marine  
  115  16:58  Marine x3  
  115  17:01  Viking  
  123  17:02  Marine  
  123  17:03  Marine  
  123  17:04  Marine x2  
  127  17:10  Viking  
  127  17:12  Viking, Marine  
  127  17:13  Marine  
  127  17:15  Viking, Marine  
  135  17:16  Marine x2  
  135  17:20  Marine x2, Ghost  
  135  17:22  Marine x2  
  134  17:30  Viking, Marine x2  
  134  17:36  Marine  
  139  17:37  Marine x2  
  139  17:38  Marine x2  
  139  17:40  Marine  
  144  17:49  Ghost  
  146  17:54  Ghost  
Show
View Real Time Build Order
Export as new Build Order

Indy Protoss - Winner!

Build Orders: 1 Gate Expand 

Get SALT Encoding   

  12  0:00  Probe (Chrono Boost)  
  13  0:11  Probe (Chrono Boost)  
  14  0:19  Pylon  
  15  0:21  Probe (Chrono Boost)  
  15  0:37  Probe (Chrono Boost)  
  15  0:38  Gateway  
  16  0:43  Assimilator  
  16  0:48  Probe (Chrono Boost)  
  17  0:58  Probe (Chrono Boost)  
  18  1:09  Probe (Chrono Boost)  
  19  1:21  Probe (Chrono Boost)  
  19  1:23  Nexus  
  20  1:34  Cybernetics Core  
  20  1:36  Probe (Chrono Boost)  
  21  1:42  Assimilator  
  21  1:47  Probe (Chrono Boost)  
  22  1:52  Pylon  
  22  1:57  Probe (Chrono Boost)  
  23  2:10  Probe (Chrono Boost)  
  23  2:11  Adept, Warp Gate  
  26  2:18  Twilight Council  
  26  2:21  Probe (Chrono Boost)  
  27  2:32  Probe (Chrono Boost)  
  27  2:35  Probe (Chrono Boost)  
  29  2:39  Robotics Facility  
  29  2:42  Probe (Chrono Boost)  
  30  2:46  Probe (Chrono Boost)  
  31  2:53  Probe (Chrono Boost)  
  31  2:56  Probe (Chrono Boost)  
  33  3:02  Resonating Glaives (Chrono Boost)  
  33  3:04  Probe (Chrono Boost)  
  34  3:07  Probe (Chrono Boost)  
  35  3:15  Probe (Chrono Boost)  
  35  3:18  Gateway, Probe (Chrono Boost)  
  35  3:19  Gateway  
  37  3:25  Probe (Chrono Boost)  
  38  3:28  Probe (Chrono Boost)  
  38  3:29  Warp Prism  
  41  3:35  Pylon  
  41  3:36  Probe (Chrono Boost)  
  41  3:39  Probe (Chrono Boost)  
  43  3:45  Probe (Chrono Boost)  
  44  3:49  Probe (Chrono Boost)  
  44  3:55  Probe  
  45  3:59  Pylon  
  45  4:01  Probe  
  47  4:04  Nexus  
  47  4:09  Probe  
  47  4:13  Mothership Core  
  47  4:14  Pylon  
  50  4:21  Adept x3, Probe  
  57  4:32  Pylon  
  57  4:33  Observer  
  57  4:34  Probe  
  57  4:35  Probe  
  60  4:38  Blink (Chrono Boost)  
  60  4:39  Assimilator  
  60  4:40  Assimilator  
  60  4:43  Pylon  
  60  4:46  Probe x2  
  62  4:54  Observer  
  62  4:56  Probe  
  62  4:58  Probe  
  65  5:07  Probe  
  65  5:10  Stalker x3, Probe  
  73  5:17  Gateway, Probe  
  73  5:18  Gateway, Observer  
  73  5:19  Gateway  
  75  5:21  Pylon  
  75  5:23  Probe  
  75  5:24  Probe  
  75  5:28  Probe  
  78  5:37  Stalker x2  
  78  5:38  Stalker  
  78  5:39  Observer  
  78  5:42  Pylon  
  85  5:45  Forge  
  85  5:46  Forge, Probe  
  85  5:48  Probe x2  
  87  5:54  Pylon  
  88  6:07  Probe x2  
  88  6:08  Probe  
  88  6:10  Stalker  
  88  6:11  Stalker x2  
  97  6:12  Immortal  
  97  6:13  Pylon  
  97  6:17  Probe  
  102  6:30  Adept  
  102  6:31  Adept x2  
  108  6:34  Protoss Ground Weapons Level 1 (Chrono Boost), Protoss Ground Armor Level 1 (Chrono Boost)  
  108  6:37  Adept x3  
  114  6:44  Probe x3  
  114  6:46  Assimilator  
  117  6:48  Immortal  
  117  6:49  Pylon  
  115  7:02  Probe x2  
  115  7:18  Stalker x2  
  115  7:19  Adept x3, Stalker  
  127  7:26  Gateway x2  
  127  7:27  Gateway  
  127  7:28  Pylon  
  127  7:44  Stalker x3  
  127  7:49  Pylon  
  131  7:59  Immortal, Probe x3  
  131  8:04  Assimilator  
  138  8:06  Adept  
  140  8:17  Adept x4  
  148  8:23  Probe x3  
  146  8:35  Probe x2  
  146  8:41  Protoss Ground Armor Level 2 (Chrono Boost), Protoss Ground Weapons Level 2 (Chrono Boost)  
  146  8:47  Adept  
  144  9:03  Probe x3  
  144  9:07  Stargate  
  144  9:09  Pylon  
  147  9:11  Pylon  
  147  9:13  Pylon, Photon Cannon  
  147  9:14  Photon Cannon  
  147  9:15  Pylon, Photon Cannon  
  147  9:18  Probe x2  
  147  9:19  Photon Cannon  
  147  9:22  Photon Cannon  
  149  9:27  Probe  
  150  9:35  Adept x9  
  164  9:39  Probe x2  
  164  9:40  Probe  
  142  9:51  Probe x2 (Chrono Boost)  
  142  9:52  Probe (Chrono Boost)  
  144  9:56  Fleet Beacon  
  144  10:02  Pylon, Probe x2 (Chrono Boost)  
  144  10:03  Probe (Chrono Boost)  
  147  10:13  Probe x3 (Chrono Boost)  
  147  10:14  Stargate  
  150  10:16  Stargate  
  150  10:23  Stalker x5, Probe x2 (Chrono Boost)  
  162  10:54  Nexus  
  162  10:58  Tempest (Chrono Boost)  
  162  10:59  Tempest x2 (Chrono Boost)  
  174  11:05  Pylon  
  174  11:07  Pylon  
  174  11:09  Pylon  
  174  11:18  Protoss Ground Weapons Level 3 (Chrono Boost), Protoss Ground Armor Level 3 (Chrono Boost)  
  174  11:23  Templar Archives  
  174  11:37  Pylon  
  174  11:49  Adept x6  
  180  11:55  Tempest  
  180  12:00  Tempest  
  180  12:01  Tempest  
  192  12:13  Pylon  
  192  12:15  Nexus  
  192  12:18  Pylon  
  177  12:31  Probe x3  
  180  12:38  Oracle, Nexus  
  179  12:57  Psionic Storm  
  179  12:58  Probe x3  
  182  13:13  High Templar x7  
  194  13:24  Archon x3  
  194  13:28  High Templar  
  188  13:38  Adept  
  167  13:46  Adept x7  
  167  13:47  Warp Prism (Chrono Boost), Probe x3  
  145  14:04  Stalker x2  
  149  14:18  Oracle  
  149  14:19  Tempest  
  149  14:20  Pylon, Tempest  
  160  14:30  Adept x5  
  160  14:31  Adept  
  140  15:03  Adept x2  
  140  15:04  Adept x7  
  146  15:22  Nexus  
  146  15:31  High Templar x2  
  146  15:32  High Templar  
  152  15:49  High Templar  
  154  15:50  High Templar  
  154  15:55  Adept  
  154  15:56  Adept x3  
  164  15:58  Assimilator  
  164  16:00  Assimilator  
  137  16:15  Archon  
  137  16:17  Adept x7  
  131  16:39  High Templar  
  131  16:40  High Templar  
  133  16:49  Nexus  
  125  17:11  Stalker x3  
  125  17:12  Stalker x2  
  135  17:31  High Templar x3  
  141  17:45  Zealot x6  
  147  18:14  Archon  
  147  18:20  Archon  
  147  18:24  Adept x8  
Tags
 
Add a new tag
Caveats
  • Supply blocks, unpowered buildings, or Contaminate may cause inaccurate times.
  • Supply counts are checked every 10 seconds.